 Dungeon Crawl Stone Soup version 0.28-a0-863-g8cecda6153 (webtiles) character file.

Game seed: 17375052598907436944

226 croobank the Digger (level 6, 0/34 HPs)
             Began as a Gargoyle Earth Elementalist on Nov 17, 2021.
             Was a Believer of Elyvilon.
             Splashed by a jelly's acid (5 damage)
             ... on level 4 of the Dungeon.
             The game lasted 00:17:31 (3463 turns).

croobank the Digger (Gargoyle Earth Elementalist)   Turns: 3463, Time: 00:17:34

Health: 0/34       AC: -2    Str: 20    XL:     6   Next: 1%
Magic:  10/10      EV: 11    Int: 15    God:    Elyvilon [**....]
Gold:   108        SH:  0    Dex: 10    Spells: 5/11 levels left

rFire   . . .      SeeInvis .   a - staff of earth
rCold   . . .      Faith    .   (no shield)
rNeg    + . .      Spirit   .   j - +0 ring mail
rPois   ∞          Reflect  .   (no helmet)
rElec   +          Harm     .   (no cloak)
rCorr   .          Rampage  .   (no gloves)
Will    .....                   (no boots)
Stlth   +.........              (no amulet)
HPRegen 0.11/turn               l - +6 ring of strength
MPRegen 0.12/turn               (no ring)

@: corroded
A: sickness immunity, AC +4, negative energy resistance 1, electricity
resistance, torment resistance 1, petrification resistance
a: Renounce Religion, Purification, Heal Other


You were on level 4 of the Dungeon.
You worshipped Elyvilon.
Elyvilon was pleased with you.
You visited 1 branch of the dungeon, and saw 4 of its levels.

You collected 108 gold pieces.

Inventory:

Hand Weapons
 d - a +0 dagger
 g - a +0 short sword
 i - a +0 war axe
 k - a +0 trident
 n - a +0 falchion
Missiles
 h - 72 arrows
 o - a boomerang
Armour
 b - a +0 robe
 j - a +0 ring mail (worn)
 m - a +0 plate armour
Magical Staves
 a - a staff of earth (weapon)
Jewellery
 l - a +6 ring of strength (left hand)
Potions
 e - a potion of attraction
 f - a potion of might {unknown}


   Skills:
 + Level 1.5 Fighting
 * Level 0.9 Staves
 + Level 2.0 Dodging
 + Level 3.0 Stealth
 + Level 3.3 Spellcasting
 + Level 1.0 Transmutations
 + Level 4.8 Earth Magic
 * Level 1.7 Evocations


You had 5 spell levels left.
You knew the following spells:

 Your Spells              Type           Power      Damage    Failure   Level
a - Sandblast             Erth           50%        2d12      4%          1
b - Stone Arrow           Conj/Erth      28%        3d8       36%         3
c - Passwall              Tmut/Erth      13%        N/A       16%         2

Your spell library contained the following spells:

 Spells                   Type           Power      Damage    Failure   Level
 Petrify                  Tmut/Erth      16%        N/A       69%         4


Dungeon Overview and Level Annotations

Branches:
Dungeon (4/15)
 Temple: D:4-7

Altars:
Elyvilon


Innate Abilities, Weirdness & Mutations

You are immune to sickness and miasma.
Your stone body is resilient. (AC +4)
You are immune to poison.
You resist negative energy. (rN+)
You are resistant to electric shocks. (rElec)
You are resistant to unholy torment.
You are immune to petrification.


Message History

Press: ? - help, Q - select action, (/) - cycle Shift-Dir - straight line, f/p - jelly
Aim: a jelly (heavily wounded, 100% to hit)
You feel a surge of power!
The blast of sand hits the jelly.
The jelly is almost dead.
You now have no stones remaining.
The jelly barely misses you.
You hit the jelly.
You shatter the jelly.
You kill the jelly!
Your Spellcasting skill increases to level 3!
You have reached level 6!
Your experience leads to an increase in your attributes!
Your base attributes are Str 13, Int 15, Dex 10.
Increase (S)trength, (I)ntelligence, or (D)exterity?
You feel stronger.
Magic restored.
A jelly comes into view.
The jelly quivers.
You hit the jelly. The acid corrodes you!
Your hands burn!
The jelly is lightly wounded.
The jelly hits you.
You are splashed with acid!
The jelly completely misses you.
You hit the jelly but do no damage.
Your hands burn!
The jelly is lightly wounded.
The jelly closely misses you.
You hit the jelly.
Your hands burn!
The jelly is moderately wounded.
The jelly closely misses you.
Okay, then.
You hit the jelly but do no damage.
You shatter the jelly.
The acid corrodes you!
Your hands burn!
* * * LOW HITPOINT WARNING * * *
The jelly is severely wounded.
The jelly closely misses you.
You hit the jelly but do no damage. The acid corrodes you!
Your hands burn!
* * * LOW HITPOINT WARNING * * *
The jelly is severely wounded.
The jelly hits you.
* * * LOW HITPOINT WARNING * * *
You are splashed with acid.
You die...

..##.# ..#.#
#.#.# #<#.# #...#
#...#####.#
.#.#.........#
#........####.♣.#
###.#<#..#.@..PP#
#.#.#..#.#J.### .
#......#.## ##
####>###.# ....
.. ###### .. ...
..P


You could see a jelly.

Vanquished Creatures
  A water moccasin (D:3)
  A jelly (D:4)
  2 adders (D:3)
  2 worms (D:3)
  A dart slug (D:2)
  8 orcs (D:3)
  10 ball pythons
  2 bats
  5 endoplasms
  2 giant cockroaches (D:1)
  2 goblins
  7 hobgoblins
  4 kobolds (D:1)
  5 quokkas
  3 frilled lizards
  5 rats
60 creatures vanquished.

Notes
Turn   | Place    | Note
-------+----------+-------------------------------------------
     0 | D:1      | croobank the Gargoyle Earth Elementalist began the quest
                  | for the Orb.
     0 | D:1      | Reached XP level 1. HP: 10/10 MP: 3/3
    58 | D:1      | Reached skill level 1 in Transmutations
    67 | D:1      | Reached skill level 4 in Earth Magic
   355 | D:1      | Reached XP level 2. HP: 15/15 MP: 3/5
   362 | D:1      | Identified a scroll of acquirement
   362 | D:1      | Acquired a staff of earth
  1135 | D:1      | Reached XP level 3. HP: 20/20 MP: 6/6
  1347 | D:1      | Found a faded altar of an unknown god.
  1358 | D:1      | Prayed at the altar of an unknown god.
  1358 | D:1      | Became a worshipper of Elyvilon the Healer
  1358 | D:1      | Reached * piety under Elyvilon
  2202 | D:3      | Elyvilon protects you from harm!
  2202 | D:3      | Elyvilon protects you from harm!
  2204 | D:3      | Reached skill level 1 in Fighting
  2227 | D:3      | Reached XP level 4. HP: 4/25 MP: 1/7
  2334 | D:3      | Noticed a water moccasin
  2339 | D:3      | Learned a level 3 spell: Stone Arrow
  2615 | D:3      | Killed a water moccasin
  2616 | D:3      | Reached skill level 1 in Evocations
  2616 | D:3      | Reached XP level 5. HP: 16/29 MP: 5/9
  2932 | D:3      | Reached ** piety under Elyvilon
  3090 | D:3      | Learned a level 2 spell: Passwall
  3423 | D:4      | Reached XP level 6. HP: 34/34 MP: 7/10
  3463 | D:4      | Splashed by a jelly's acid

Illustrated notes

Levels and vault maps discovered:
D:1:      dpeg_arrival_ternary, layout_loops_ring,
          dreamdust_ecumenical_altar_statues
D:2:      layout_basic
D:3:      layout_rooms, corexii_item_surrounded_by_moat
D:4:      kennysheep_kobold_camp, layout_basic, nicolae_elyvilon_peaceful_grove,
          grunt_temple_overflow_open, temple_pool_b, serial_shops,
          shop_fountains

Skill      XL: |  1  2  3  4  5 |
---------------+----------------+-----
Transmutations | 1 |  1.0
Earth Magic    | 4 |  4.8
Fighting       | 1 |  1.5
Dodging        | 2 |  2.0
Evocations     | 1 |  1.7
Stealth        | 3 |  3.0
Spellcasting   | 3 |  3.3
Staves         | |  0.9

Action                   |  1- 3 |  4- 6 || total
-------------------------+-------+-------++-------
Melee: Dagger            |     3 |       ||     3
       Unarmed           |     1 |       ||     1
       Staff             |    92 |    46 ||   138
Throw: Boomerang         |       |     5 ||     5
 Cast: Sandblast         |    28 |    17 ||    45
Invok: Heal Other        |       |     1 ||     1
  Use: Scroll            |     3 |     2 ||     5
       Potion            |     2 |       ||     2
 Stab: Sleeping          |     5 |       ||     5
Armor: Robe              |    45 |     5 ||    50
       Ring mail         |       |     6 ||     6
Dodge: Dodged            |    90 |    36 ||   126

Table legend: (Time is in decaauts)
 A = Elapsed time spent in this place.
 B = Non-inter-level travel time spent in this place.
 C = Inter-level travel time spent in this place.
 D = Time resting spent in this place.
 E = Time spent auto-exploring this place.
 F = Levels seen in this place.
 G = Mean time per level.
                   A        B        C        D        E       F      G
               +--------+--------+--------+--------+--------+-----+--------+
         Total |   3488 |   3454 |     34 |   1249 |   1562 |   4 |  872.0 |
       Dungeon |   3488 |   3454 |     34 |   1249 |   1562 |   4 |  872.0 |
               +--------+--------+--------+--------+--------+-----+--------+

Top non-repeatable levels by time:
     D:1: 1522 daAuts
     D:3: 981 daAuts
     D:2: 932 daAuts
     D:4: 51 daAuts
